[Event "Titled Tuesday Blitz March 28 Early 2023"]
[White "Timofeev, Artyom"]
[Black "Anton Guijarro, David"]
[WhiteFideId "4140419"]
[BlackFideId "2285525"]
[WhiteElo "2586"]
[BlackElo "2618"]
[Result "0-1"]
[Round "06"]
[TimeControl "180+2"]
[Date "2023.03.28"]
[WhiteClock "0:00:16"]
[BlackClock "0:00:20"]

1. e4 c6 2. Nf3 d5 3. d3 g6 4. Nbd2 Bg7 5. g3 e5 6. Bg2 Ne7 7. O-O O-O 8. Re1 d4 9. Nc4 f6 10. c3 c5 11. cxd4 cxd4 12. Qb3 Be6 13. Qxb7 Nbc6 14. Qb3 Na5 15. Qa4 Nxc4 16. dxc4 a5 17. Bd2 Qc7 18. Rec1 Nc6 19. Ne1 Bd7 20. Nd3 Nb4 21. Qb3 Nxd3 22. Qxd3 Bc6 23. c5 Kh8 24. b3 Qb7 25. Re1 f5 26. a3 Rf7 27. Rac1 Raf8 28. Bxa5 fxe4 29. Bxe4 Rxf2 30. b4 Bxe4 31. Rxe4 Qd5 32. Rce1 R2f3 33. Qd2 d3 34. Bc7 Rf2 35. Rxe5 Qg2# 0-1


[Site "https://www.chess.com"]

[Event "Titled Tuesday Blitz March 28 Early 2023"]
[White "Yoo, Christopher Woojin"]
[Black "Ohanyan, Emin"]
[WhiteFideId "30909694"]
[BlackFideId "13312022"]
[WhiteElo "2519"]
[BlackElo "2402"]
[Result "1-0"]
[Round "06"]
[TimeControl "180+2"]
[Date "2023.03.28"]
[WhiteClock "0:00:07"]
[BlackClock "0:00:02"]

1. e4 e5 2. Nf3 Nc6 3. Bb5 f5 4. d3 fxe4 5. dxe4 Nf6 6. O-O Bc5 7. Qd3 d6 8. Qc4 Bb6 9. Bg5 Bd7 10. Nc3 h6 11. Bxf6 Qxf6 12. Nd5 Qf7 13. a4 O-O 14. a5 Bxa5 15. Bxc6 bxc6 16. Rxa5 cxd5 17. exd5 c6 18. Qa6 Rac8 19. Qb7 cxd5 20. Rxa7 Bg4 21. Qxf7+ Rxf7 22. Rxf7 Kxf7 23. Rc1 d4 24. Nd2 Bf5 25. c4 Rb8 26. b3 Ra8 27. f3 Ra2 28. Nf1 Rb2 29. c5 dxc5 30. Rxc5 Ke6 31. Ng3 Bd3 32. Rc6+ Kd5 33. Rc7 g6 34. Rb7 h5 35. h4 Kc6 36. Rb8 Kc7 37. Re8 Kd6 38. Rb8 Bc2 39. b4 d3 40. Ne4+ Kc7 41. Rg8 Rxb4 42. Rg7+ Kd8 43. Rxg6 Ke7 44. Rg7+ Kd8 45. Rg8+ Kc7 46. Rg7+ Kc6 47. Nd2 Ra4 48. Rg6+ Kd5 49. Kf2 Ra1 50. Ne4 Rd1 51. Rd6+ Kc4 52. Rc6+ Kd4 53. Rc8 Ra1 54. Rd8+ Kc4 55. g4 Rh1 56. g5 Rxh4 57. g6 Rh1 58. g7 1-0


[Site "https://www.chess.com"]

[Event "Titled Tuesday Blitz March 28 Early 2023"]
[White "Demchenko, Anton"]
[Black "Gabrielian, Artur"]
[WhiteFideId "4160258"]
[BlackFideId "4131002"]
[WhiteElo "2545"]
[BlackElo "2432"]
[Result "1/2-1/2"]
[Round "06"]
[TimeControl "180+2"]
[Date "2023.03.28"]
[WhiteClock "0:00:24"]
[BlackClock "0:00:06"]

1. e4 c5 2. Nc3 d6 3. f4 Nc6 4. Nf3 Nf6 5. Bb5 Bd7 6. d3 e6 7. O-O Be7 8. e5 dxe5 9. fxe5 Ng4 10. Qe2 a6 11. Bxc6 Bxc6 12. Ne4 O-O 13. Bf4 Bxe4 14. Qxe4 Qd5 15. Qe2 f5 16. h3 Nh6 17. Bxh6 gxh6 18. Kh1 Kh8 19. c4 Qd7 20. Rad1 Rg8 21. d4 cxd4 22. Nxd4 Qc8 23. b3 Rg6 24. Qf3 Bc5 25. Ne2 Rg7 26. Nf4 Qe8 27. Rd3 Rd7 28. g4 Rad8 29. gxf5 exf5 30. Rxd7 Qxd7 31. Nd5 Rf8 32. Qf4 Qe6 33. b4 Be7 34. Nxe7 Qxe7 35. Qxh6 Rg8 36. Qf6+ Qxf6 37. exf6 Rc8 38. Rxf5 Kg8 39. c5 Kf7 40. Rd5 a5 41. a3 axb4 42. axb4 Kxf6 43. Rd7 b6 44. cxb6 Rc6 45. b7 Rb6 46. Rxh7 Rxb4 47. Kg2 Kg6 48. Rc7 Rb3 49. h4 Kh5 50. Rh7+ Kg6 51. Rd7 Kh5 52. Kf2 Kxh4 53. Ke2 Kg5 54. Kd2 Kf6 55. Kc2 Rb5 56. Kc3 Ke6 57. Kc4 Kxd7 58. Kxb5 Kc7 59. Ka6 Kb8 60. Kb6 1/2-1/2


[Site "https://www.chess.com"]

[Event "Titled Tuesday Blitz March 28 Early 2023"]
[White "Boyer, Mahel"]
[Black "Kramnik, Vladimir"]
[WhiteFideId "45102422"]
[BlackFideId "4101588"]
[WhiteElo "2439"]
[BlackElo "2712"]
[Result "0-1"]
[Round "06"]
[TimeControl "180+2"]
[Date "2023.03.28"]
[WhiteClock "0:00:05"]
[BlackClock "0:00:04"]

1. d4 Nf6 2. c4 e6 3. Nf3 Bb4+ 4. Nbd2 b6 5. a3 Bxd2+ 6. Qxd2 O-O 7. e3 d5 8. b3 c5 9. dxc5 bxc5 10. Bd3 Nc6 11. O-O Rb8 12. Qc2 Ba6 13. Rb1 e5 14. Rd1 d4 15. exd4 Nxd4 16. Nxd4 cxd4 17. Bg5 h6 18. Bh4 Re8 19. Re1 Bb7 20. f3 Rc8 21. b4 Rc7 22. Qd2 Kf8 23. b5 g5 24. Qb4+ Kg7 25. Bg3 Rce7 26. Qc5 Nd7 27. Qd6 Re6 28. Qb4 Qf6 29. c5 Bd5 30. c6 Nf8 31. Qc5 Qd8 32. a4 h5 33. h3 h4 34. Bh2 Ng6 35. Bxg6 Kxg6 36. Rbd1 f6 37. Rc1 d3 38. Red1 Bb3 39. Rd2 e4 40. fxe4 Rxe4 41. Rf1 Re2 42. Qf5+ Kg7 43. Rxd3 Qe7 44. Rd7 Bf7 45. Qxf6+ Qxf6 46. Re7 R8xe7 47. Rxf6 Kxf6 48. Bd6 R7e6 49. Bc5 Rc2 50. Bd4+ Kf5 51. Bxa7 Re1+ 52. Kh2 Ree2 53. Bg1 Rxg2+ 54. Kh1 Bd5 55. c7 Rg3# 0-1


[Site "https://www.chess.com"]

[Event "Titled Tuesday Blitz March 28 Early 2023"]
[White "Makhnev, Denis"]
[Black "Mahdavi, Reza"]
[WhiteFideId "13707647"]
[BlackFideId "12595926"]
[WhiteElo "2525"]
[BlackElo "2208"]
[Result "0-1"]
[Round "06"]
[TimeControl "180+2"]
[Date "2023.03.28"]
[WhiteClock "0:00:04"]
[BlackClock "0:00:22"]

1. d4 Nf6 2. c4 g6 3. g3 Bg7 4. Bg2 d6 5. Nc3 O-O 6. Nf3 c5 7. d5 e6 8. O-O exd5 9. cxd5 a6 10. a4 Re8 11. Bf4 Qc7 12. h3 Nbd7 13. Re1 Nh5 14. Bg5 Rb8 15. Rc1 b5 16. axb5 axb5 17. g4 Nhf6 18. b4 Qb6 19. Qb3 h6 20. Bf4 c4 21. Qc2 Bb7 22. Qd2 Kh7 23. e4 Ng8 24. Be3 Qd8 25. Nxb5 Ndf6 26. Ba7 Ra8 27. Nfd4 Ba6 28. Ra1 Bxb5 29. Nxb5 Nxe4 30. Bxe4 Bxa1 31. Bxg6+ fxg6 32. Rxa1 Qd7 33. Ra5 Rac8 34. Bd4 Ra8 35. Na7 Qf7 36. Bc3 Re4 37. Nc6 Rxa5 38. bxa5 Qf3 39. Qb2 Qxh3 40. f3 Qxf3 41. Qb7+ Ne7 42. Nxe7 Rxg4+ 0-1


[Site "https://www.chess.com"]

[Event "Titled Tuesday Blitz March 28 Early 2023"]
[White "Bolourchifard, Farzad"]
[Black "Sjugirov, Sanan"]
[WhiteFideId "12510084"]
[BlackFideId "4189302"]
[WhiteElo "2317"]
[BlackElo "2569"]
[Result "0-1"]
[Round "06"]
[TimeControl "180+2"]
[Date "2023.03.28"]
[WhiteClock "0:00:02"]
[BlackClock "0:00:19"]

1. e4 e5 2. Nf3 d6 3. d4 exd4 4. Nxd4 Nf6 5. Nc3 Be7 6. Be2 O-O 7. O-O Re8 8. Re1 Bf8 9. Bf1 Nbd7 10. Bg5 h6 11. Bh4 g6 12. h3 Bg7 13. Qd2 Nc5 14. f3 Bd7 15. Rad1 a6 16. Nb3 Nxb3 17. axb3 g5 18. Bf2 Be6 19. Bc4 Qc8 20. Bd4 b5 21. Bd5 Bxd5 22. Nxd5 Nxd5 23. Bxg7 Kxg7 24. exd5 Qd7 25. Qc3+ Kg6 26. Qd3+ Qf5 27. Qd2 Qf6 28. c4 Kg7 29. Re2 bxc4 30. bxc4 Rxe2 31. Qxe2 Rb8 32. Rd2 a5 33. Kh2 a4 34. Qd1 Rb4 35. Qc2 Qf4+ 36. Kg1 Rxc4 37. Qd1 Qe3+ 38. Kh2 Qe5+ 39. Kg1 Rb4 40. Qc2 Qe3+ 41. Kh1 Qe1+ 42. Kh2 Qe5+ 43. Kg1 Rb5 44. Qd1 Rc5 45. Qxa4 Qe1+ 46. Kh2 Qxd2 47. b4 Qf4+ 0-1


[Site "https://www.chess.com"]

[Event "Titled Tuesday Blitz March 28 Early 2023"]
[White "Dominguez Perez, Leinier"]
[Black "Papasimakopoulos, Alexandros"]
[WhiteFideId "3503240"]
[BlackFideId "4244125"]
[WhiteElo "2647"]
[BlackElo "2359"]
[Result "1-0"]
[Round "06"]
[TimeControl "180+2"]
[Date "2023.03.28"]
[WhiteClock "0:01:12"]
[BlackClock "0:00:05"]

1. e4 e6 2. d4 d5 3. Nc3 Bb4 4. e5 c5 5. a3 Bxc3+ 6. bxc3 Nc6 7. Qg4 g6 8. Qf4 c4 9. h4 h6 10. a4 Qa5 11. Rh3 Bd7 12. Rf3 Rh7 13. Rb1 O-O-O 14. Ba3 Qxa4 15. Bd6 Qxc2 16. Rc1 Qe4+ 17. Qxe4 dxe4 18. Rf4 Nge7 19. Bxc4 Nf5 20. Ba3 e3 21. Nf3 Rg8 22. Bd3 g5 23. hxg5 hxg5 24. Rg4 Rh1+ 25. Ke2 Rxc1 26. Bxc1 exf2 27. Kxf2 Nce7 28. Rxg5 Rxg5 29. Nxg5 Be8 30. g4 Nh4 31. Ne4 b6 32. Nd6+ Kd8 33. Bg5 Ng6 34. Ke3 Nf8 35. c4 a5 36. Kd2 Nd7 37. Kc3 Nb8 38. Be4 Kd7 39. Bc2 Kd8 40. d5 exd5 41. cxd5 Na6 42. Nf5 Bd7 43. Bxe7+ Ke8 44. d6 a4 45. Ng7# 1-0


[Site "https://www.chess.com"]

[Event "Titled Tuesday Blitz March 28 Early 2023"]
[White "Xu, Xiangyu"]
[Black "Subelj, Jan"]
[WhiteFideId "8608288"]
[BlackFideId "14618583"]
[WhiteElo "2477"]
[BlackElo "2474"]
[Result "1-0"]
[Round "06"]
[TimeControl "180+2"]
[Date "2023.03.28"]
[WhiteClock "0:00:59"]
[BlackClock "0:00:05"]

1. d4 Nf6 2. Bg5 d5 3. e3 e6 4. c4 Be7 5. Nc3 O-O 6. Qc2 h6 7. Bxf6 Bxf6 8. Nf3 b6 9. cxd5 exd5 10. Bd3 Be6 11. O-O c5 12. dxc5 bxc5 13. Rfd1 Nc6 14. Na4 Qa5 15. Qxc5 Qxa4 16. Bb5 Qb4 17. Qxc6 Rfc8 18. Qa6 Rc2 19. Bd3 Rxb2 20. Rab1 g6 21. Bxg6 Qb6 22. Qxb6 axb6 23. Rxb2 Bxb2 24. Bb1 Rc8 25. h3 Kg7 26. Kh2 Kf6 27. Nd4 Rc1 28. Rxc1 Bxc1 29. g4 Bb2 30. Kg3 Ke5 31. f4+ Kd6 32. h4 f6 33. h5 Bd7 34. g5 fxg5 35. fxg5 Ke7 36. gxh6 Kf6 37. Kf4 Ba3 38. Kf3 Bf8 39. h7 Kg7 40. Bf5 Bxf5 41. Nxf5+ Kxh7 42. Kf4 Bc5 43. Ke5 Bxe3 44. Nxe3 Kh6 45. Nxd5 Kxh5 46. Nxb6 1-0


[Site "https://www.chess.com"]

[Event "Titled Tuesday Blitz March 28 Early 2023"]
[White "Drygalov, Andrey"]
[Black "Amilal Munkhdalai"]
[WhiteFideId "24171735"]
[BlackFideId "4903250"]
[WhiteElo "2471"]
[BlackElo "2293"]
[Result "1-0"]
[Round "06"]
[TimeControl "180+2"]
[Date "2023.03.28"]
[WhiteClock "0:00:13"]
[BlackClock "0:00:02"]

1. e4 c5 2. Nf3 Nc6 3. Bb5 e6 4. Bxc6 bxc6 5. d3 f6 6. O-O d6 7. d4 cxd4 8. Nxd4 Qd7 9. Nc3 e5 10. Nf5 g6 11. Ne3 Ne7 12. Nc4 d5 13. Nd2 Ba6 14. Re1 Bg7 15. Na4 Bc8 16. b3 O-O 17. Ba3 Rd8 18. c4 d4 19. Nc5 Qe8 20. Nd3 g5 21. c5 Be6 22. Qc2 Qf7 23. Rac1 Ng6 24. Nc4 Nf4 25. Nd6 Qg6 26. Nf5 Bf8 27. Nxf4 gxf4 28. Qd3 a5 29. Rc2 Kf7 30. f3 Be7 31. Nd6+ Kg7 32. Nf5+ Kf7 33. Nd6+ Kg7 34. Kh1 h5 35. Nf5+ Kf7 36. Rg1 Rg8 37. Nd6+ Kg7 38. Nf5+ Kf7 39. g3 h4 40. g4 h3 41. Rd1 Rgb8 42. Qf1 Qh7 43. Nd6+ Kg8 44. Qf2 Qh6 45. Rg1 Kh7 46. Nf5 Bxf5 47. exf5 a4 48. b4 Rd8 49. Rd2 Rd5 50. Qe2 Rad8 51. Rgd1 Qh4 52. Kg1 d3 53. Qf2 Qxf2+ 54. Kxf2 Rd4 55. Rb1 Bf8 56. Bc1 Bh6 57. a3 Bg5 58. Bb2 Bh4+ 59. Kf1 Rc4 60. Rbd1 Rc2 61. Rxc2 1-0


[Site "https://www.chess.com"]

[Event "Titled Tuesday Blitz March 28 Early 2023"]
[White "Terry, Renato"]
[Black "Sochacki, Christophe"]
[WhiteFideId "3803457"]
[BlackFideId "662569"]
[WhiteElo "2579"]
[BlackElo "2474"]
[Result "1-0"]
[Round "06"]
[TimeControl "180+2"]
[Date "2023.03.28"]
[WhiteClock "0:00:05"]
[BlackClock "0:00:02"]

1. e4 c6 2. Nf3 d5 3. exd5 cxd5 4. Ne5 Nc6 5. d4 e6 6. c3 Nxe5 7. dxe5 Qc7 8. Bf4 Ne7 9. Bd3 Ng6 10. Bg3 Nxe5 11. Bb5+ Bd7 12. Bxd7+ Kxd7 13. c4 Qa5+ 14. Nc3 Nxc4 15. O-O Bd6 16. Qg4 g6 17. Nxd5 Qxd5 18. Rfd1 Nd2 19. Qe2 Bb4 20. a3 Ke7 21. axb4 Rhd8 22. Be5 Qd3 23. Qg4 Qf5 24. Qxf5 gxf5 25. Rac1 Rac8 26. Rxc8 Rxc8 27. h4 Nc4 28. Bc3 f6 29. b5 e5 30. g3 Rd8 31. Bb4+ Ke8 32. Rc1 Rd4 33. Bc5 Nxb2 34. Bxd4 exd4 35. Kf1 d3 36. Ke1 f4 37. gxf4 Kd7 38. Kd2 Ke6 39. Kc3 Na4+ 40. Kxd3 Kf5 41. Rc7 Kxf4 42. Rc4+ Kf3 43. Rxa4 1-0


[Site "https://www.chess.com"]

[Event "Titled Tuesday Blitz March 28 Early 2023"]
[White "Domingo Nunez, Alejandro"]
[Black "Drozdowski, Kacper"]
[WhiteFideId "22245561"]
[BlackFideId "1136720"]
[WhiteElo "2230"]
[BlackElo "2497"]
[Result "0-1"]
[Round "06"]
[TimeControl "180+2"]
[Date "2023.03.28"]
[WhiteClock "0:00:02"]
[BlackClock "0:00:30"]

1. e4 c5 2. d4 cxd4 3. c3 dxc3 4. Nxc3 Nc6 5. Nf3 e6 6. Bc4 a6 7. O-O Nge7 8. Bg5 f6 9. Be3 b5 10. Bb3 Na5 11. Bc2 Nc4 12. Bc1 Ng6 13. h4 Bc5 14. h5 Nge5 15. Nd4 Qb6 16. Nb3 Be7 17. h6 g6 18. Kh1 Bb7 19. f4 Nf7 20. f5 gxf5 21. exf5 Rg8 22. Be4 b4 23. fxe6 dxe6 24. Qe2 bxc3 25. Qxc4 Rc8 26. Qe2 Bxe4 27. Qxe4 f5 28. Qe2 Rg4 29. Rf4 cxb2 30. Qxb2 Rc4 31. Rxc4 Rxc4 32. g3 Qc6+ 33. Qg2 Bf6 34. Bf4 Qxg2+ 0-1


[Site "https://www.chess.com"]

[Event "Titled Tuesday Blitz March 28 Early 2023"]
[White "Nurmanova, Alua"]
[Black "Vasquez Schroeder, Rodrigo"]
[WhiteFideId "13729390"]
[BlackFideId "3400042"]
[WhiteElo "2253"]
[BlackElo "2600"]
[Result "0-1"]
[Round "06"]
[TimeControl "180+2"]
[Date "2023.03.28"]
[WhiteClock "0:00:02"]
[BlackClock "0:00:35"]

1. e4 c5 2. Nf3 d6 3. d4 cxd4 4. Nxd4 Nf6 5. Nc3 a6 6. Bg5 e6 7. f4 Nbd7 8. Qf3 Qc7 9. O-O-O b5 10. Bd3 Bb7 11. Rhe1 Qb6 12. Bxf6 Nxf6 13. Qg3 O-O-O 14. Nb3 b4 15. Nb1 d5 16. exd5 Nxd5 17. f5 Bd6 18. Qxg7 Bf4+ 19. N1d2 Ne3 20. Kb1 Nxd1 21. Rxd1 Qc7 22. fxe6 fxe6 23. Qg4 Kb8 24. Qxe6 Rhe8 25. Qg4 Bxh2 26. Qxb4 Bd6 27. Qa4 Qc6 28. Qh4 Qc7 29. a4 Re7 30. g4 Bf4 31. Ka2 h6 32. Nc4 Bg5 33. Qf2 Red7 34. Nca5 Bd5 35. Ka1 Bxb3 36. Nxb3 Qc6 37. Nc5 Rd4 38. Re1 Qxc5 39. Qf7 Rxa4+ 40. Kb1 Qa5 41. Qb3+ Ka7 42. Qf7+ Ka8 43. Qf3+ Kb8 44. Qg3+ Bf4 0-1


[Site "https://www.chess.com"]

[Event "Titled Tuesday Blitz March 28 Early 2023"]
[White "Mitrabha, Guha"]
[Black "Belov, Alexei"]
[WhiteFideId "5057000"]
[BlackFideId "4128206"]
[WhiteElo "2507"]
[BlackElo "2564"]
[Result "1-0"]
[Round "06"]
[TimeControl "180+2"]
[Date "2023.03.28"]
[WhiteClock "0:00:38"]
[BlackClock "0:00:10"]

1. Nf3 Nf6 2. c4 e6 3. g3 d5 4. Bg2 Be7 5. O-O O-O 6. b3 c5 7. cxd5 Nxd5 8. Bb2 Nc6 9. d4 cxd4 10. Nxd4 Bd7 11. Nd2 Bf6 12. Nxc6 Bxc6 13. Qc1 Rc8 14. Ne4 Bxb2 15. Qxb2 Qe7 16. Rac1 f5 17. Nc5 Nb4 18. a3 Bxg2 19. Kxg2 Rxc5 20. axb4 Rxc1 21. Rxc1 Qxb4 22. Rc7 Rf7 23. Rc8+ Rf8 24. Rc7 Rf7 25. Rc4 Qb5 26. Qd4 Qd5+ 27. Qxd5 exd5 28. Rc8+ Rf8 29. Rc7 Rf7 30. Rc8+ Rf8 31. Rc7 Rf7 32. Rc5 Rd7 33. Kf3 Kf7 34. Ke3 Ke6 35. Kd4 g5 36. f3 h5 37. e3 g4 38. f4 a6 39. b4 Rd6 40. b5 Rb6 41. bxa6 bxa6 42. Rc8 Rb4+ 43. Kd3 Rb2 44. Re8+ Kd6 45. Re5 Rxh2 46. Rxf5 a5 47. Kd4 Rd2+ 48. Kc3 Rg2 49. Rxh5 Rxg3 50. Kd4 a4 51. Rxd5+ Ke6 52. Ra5 Rg1 53. Rxa4 g3 54. Ke4 Re1 55. Ra2 Rg1 56. Kf3 Kf5 57. Ra5+ Kf6 58. Rg5 1-0


[Site "https://www.chess.com"]

[Event "Titled Tuesday Blitz March 28 Early 2023"]
[White "Ibarra Jerez, Jose Carlos"]
[Black "Dixit, Nikhil"]
[WhiteFideId "2226332"]
[BlackFideId "5059534"]
[WhiteElo "2638"]
[BlackElo "2207"]
[Result "1/2-1/2"]
[Round "06"]
[TimeControl "180+2"]
[Date "2023.03.28"]
[WhiteClock "0:00:52"]
[BlackClock "0:00:30"]

1. e4 c5 2. Ne2 g6 3. d4 cxd4 4. Nxd4 Bg7 5. Nc3 Nc6 6. Be3 d6 7. f3 Nf6 8. Qd2 O-O 9. O-O-O Bd7 10. g4 Rc8 11. h4 Ne5 12. Be2 b5 13. Ndxb5 Qa5 14. Nd4 Nc4 15. Bxc4 Rxc4 16. Kb1 Qc7 17. Nb3 a5 18. e5 dxe5 19. g5 Bf5 20. gxf6 exf6 21. Qd6 Qc8 22. Nxa5 Rxc3 23. bxc3 Qxc3 24. Qd2 Rb8+ 25. Nb3 Rxb3+ 26. axb3 Qxb3+ 27. Ka1 Qa3+ 28. Kb1 Qb3+ 29. Kc1 Qa3+ 30. Kb1 Qb3+ 1/2-1/2


[Site "https://www.chess.com"]

[Event "Titled Tuesday Blitz March 28 Early 2023"]
[White "Fedoseev, Vladimir"]
[Black "Real_OceanStorm"]
[WhiteFideId "24130737"]
[WhiteElo "2752"]
[BlackElo "2791"]
[Result "1-0"]
[Round "06"]
[TimeControl "180+2"]
[Date "2023.03.28"]
[WhiteClock "0:02:35"]
[BlackClock "0:02:16"]

1. e4 e5 2. Nf3 Nc6 3. Bb5 Nf6 4. d3 a6 5. Bxc6 bxc6 6. Nxe5 Qe7 7. Nf3 d5 8. e5 Bg4 9. O-O Bxf3 10. exf6 Bxd1 11. fxe7 Bxc2 12. exf8=Q+ Rxf8 13. d4 f6 14. Nc3 Kf7 15. Bf4 Rfb8 16. b3 g5 17. Bxc7 Re8 18. Rac1 Bg6 19. Rfe1 Rec8 20. Bd6 a5 21. Na4 Ra6 22. Re7+ Kg8 23. h3 c5 24. Rxc5 Rxc5 25. Bxc5 h6 26. Nb6 Bb1 27. a4 Bc2 28. Re3 Bg6 29. Nxd5 Bc2 30. Nb6 Ra7 31. d5 Rb7 32. d6 Bf5 33. Re8+ Kf7 34. Re7+ Rxe7 35. dxe7 Bc2 36. Nc4 Bxb3 37. Nxa5 Bxa4 38. Nc4 h5 39. Ne3 Bd7 40. g4 hxg4 41. hxg4 Bc6 42. Kh2 Bd7 43. Kg3 Bc6 44. Nf5 Bd7 45. f3 Be6 46. e8=Q+ Kxe8 47. Ng7+ Kf7 48. Nxe6 Kxe6 49. Be3 Ke5 50. Bd2 Kd5 51. Kf2 Ke5 52. Ke3 f5 53. Kd3 Kf6 54. Kd4 fxg4 55. fxg4 Ke6 56. Bxg5 Kd6 57. Ke4 Ke6 58. Bh4 Kf7 59. Kf5 Kg7 60. g5 Kh7 61. g6+ Kg8 62. Bf6 Kf8 63. Kg5 Kg8 64. Kh6 Kf8 65. Bb2 Kg8 66. Ba1 Kf8 67. Kh7 Ke7 68. g7 Ke6 69. g8=Q+ Kd7 70. Qg6 Kc7 71. Be5+ Kd7 72. Qd6+ Ke8 73. Qc7 Kf8 74. Bd6+ 1-0


[Site "https://www.chess.com"]

[Event "Titled Tuesday Blitz March 28 Early 2023"]
[White "Duda, Jan-Krzysztof"]
[Black "Karthik, Venkataraman"]
[WhiteFideId "1170546"]
[BlackFideId "25006479"]
[WhiteElo "2790"]
[BlackElo "2419"]
[Result "1-0"]
[Round "06"]
[TimeControl "180+2"]
[Date "2023.03.28"]
[WhiteClock "0:00:39"]
[BlackClock "0:00:10"]

1. Nf3 Nf6 2. g3 g6 3. Bg2 Bg7 4. c4 c6 5. d4 d5 6. cxd5 cxd5 7. O-O O-O 8. Ne5 Ne4 9. Nc3 Nxc3 10. bxc3 Nc6 11. Bf4 Nxe5 12. Bxe5 Bxe5 13. dxe5 Be6 14. Rb1 b6 15. c4 dxc4 16. Bxa8 Qxa8 17. f3 Rd8 18. Qc2 Qd5 19. Rfd1 Qc5+ 20. Kg2 Rxd1 21. Rxd1 Qxe5 22. a4 Kg7 23. h4 h5 24. Kf2 Qc5+ 25. e3 Qe5 26. Rd4 Qa5 27. Qb2 Qe5 28. Qc3 f6 29. Qb4 Kf7 30. Qb5 Qc7 31. Rd2 Kg7 32. Qe8 Bf7 33. Rd7 Qe5 34. Qxe7 Qb2+ 35. Ke1 Qc3+ 36. Ke2 Qc2+ 37. Rd2 Qb3 38. g4 c3 39. Rd8 Qa2+ 40. Ke1 1-0


[Site "https://www.chess.com"]

[Event "Titled Tuesday Blitz March 28 Early 2023"]
[White "Wagner, Dennis"]
[Black "Martinez Alcantara, Jose Eduardo"]
[WhiteFideId "24650684"]
[BlackFideId "3805662"]
[WhiteElo "2470"]
[BlackElo "2712"]
[Result "0-1"]
[Round "06"]
[TimeControl "180+2"]
[Date "2023.03.28"]
[WhiteClock "0:00:01"]
[BlackClock "0:00:09"]

1. d4 Nf6 2. Nf3 e6 3. g3 b5 4. Bg2 Bb7 5. O-O Be7 6. a4 b4 7. c4 a5 8. Qd3 d6 9. Bg5 Nbd7 10. Nbd2 O-O 11. e4 e5 12. h3 Re8 13. Rfe1 h6 14. Be3 exd4 15. Bxd4 Nc5 16. Qc2 Nfd7 17. Nh2 Bf6 18. Be3 Ne5 19. Bxc5 dxc5 20. Nb3 Qd3 21. Rac1 Ba6 22. Nxc5 Qxc2 23. Rxc2 Bxc4 24. Nd7 Nxd7 25. Rxc4 Bxb2 26. Rxc7 Ne5 27. Rd1 Rac8 28. Rb7 Red8 29. Rxd8+ Rxd8 30. Nf1 Bd4 31. Rb5 Nd3 32. Rxa5 Bxf2+ 33. Kh2 b3 34. Rb5 b2 35. e5 Bd4 36. Be4 Nxe5 37. a5 g6 38. a6 Rd6 39. Rxb2 Rxa6 40. Re2 Kg7 41. Bg2 h5 42. Ne3 Ra1 43. Nc2 Bg1+ 44. Kh1 Rc1 45. Rxe5 Bf2+ 46. Ne1 Bxg3 47. Re3 Bxe1 48. Kh2 Bb4 49. h4 Bd6+ 50. Kh3 Rc4 51. Rf3 Be7 52. Re3 Rxh4+ 53. Kg3 Bg5 54. Rd3 Rg4+ 55. Kf3 Rf4+ 56. Ke2 Rb4 57. Bf3 Rb2+ 58. Kf1 Rd2 59. Rc3 Rd7 60. Be2 Re7 61. Kf2 f5 62. Rd3 Bh4+ 63. Kf1 Bf6 64. Bf3 h4 65. Kf2 Kh6 66. Rd5 Be5 67. Be2 Kg5 68. Bd3 Kf4 69. Ra5 Bd4+ 70. Kf1 h3 71. Ra3 Rh7 72. Be2 h2 73. Bf3 h1=R+ 74. Bxh1 Rxh1+ 75. Kg2 Rg1+ 76. Kh2 Rd1 77. Rh3 g5 78. Rh7 g4 79. Re7 Be5 80. Kg2 Rd2+ 81. Kh1 Kg3 82. Rd7 Rxd7 0-1


[Site "https://www.chess.com"]

[Event "Titled Tuesday Blitz March 28 Early 2023"]
[White "Kamsky, Gata"]
[Black "Csonka, Balazs"]
[WhiteFideId "2000024"]
[BlackFideId "742910"]
[WhiteElo "2666"]
[BlackElo "2404"]
[Result "1-0"]
[Round "06"]
[TimeControl "180+2"]
[Date "2023.03.28"]
[WhiteClock "0:00:31"]
[BlackClock "0:00:01"]

1. e4 e5 2. Nf3 Nc6 3. Bb5 a6 4. Ba4 Nf6 5. O-O Nxe4 6. d4 b5 7. Bb3 d5 8. dxe5 Be6 9. Be3 Be7 10. c3 O-O 11. Re1 Qd7 12. h3 Rad8 13. Nbd2 Nc5 14. Bc2 Bf5 15. Nb3 Bxc2 16. Qxc2 Ne6 17. a4 Qc8 18. axb5 axb5 19. Nbd4 Ncxd4 20. Nxd4 Nxd4 21. cxd4 c5 22. Ra7 cxd4 23. Qxc8 Rxc8 24. Rxe7 dxe3 25. Rxe3 Rfe8 26. Rxe8+ Rxe8 27. Kf1 Kf8 28. Ke2 Rc8 29. Rb3 Rc5 30. Rc3 Rxc3 31. bxc3 Ke7 32. Kd3 Ke6 33. Kd4 h6 34. g3 h5 35. g4 hxg4 36. hxg4 g6 37. f4 g5 38. f5+ 1-0


[Site "https://www.chess.com"]

[Event "Titled Tuesday Blitz March 28 Early 2023"]
[White "Kosteniuk, Alexandra"]
[Black "Sasikiran, Krishnan"]
[WhiteFideId "4128125"]
[BlackFideId "5004985"]
[WhiteElo "2453"]
[BlackElo "2567"]
[Result "0-1"]
[Round "06"]
[TimeControl "180+2"]
[Date "2023.03.28"]
[WhiteClock "0:00:26"]
[BlackClock "0:01:36"]

1. e4 c5 2. c3 d5 3. exd5 Qxd5 4. d4 g6 5. Nf3 Bg7 6. Nbd2 cxd4 7. Bc4 Qd8 8. Nxd4 Nf6 9. O-O O-O 10. Re1 Qc7 11. N4f3 Nc6 12. a4 b6 13. b4 Bb7 14. Qb3 e6 15. Bb2 Rad8 16. Nf1 Nd5 17. a5 Nce7 18. axb6 axb6 19. Ne3 Nf4 20. Ra7 Qb8 21. Rea1 Nc8 22. R7a2 Bxf3 23. gxf3 Qb7 24. Bf1 Qxf3 25. Qc4 Rd2 0-1


[Site "https://www.chess.com"]

[Event "Titled Tuesday Blitz March 28 Early 2023"]
[White "Zhigalko, Sergei"]
[Black "Krysa, Leandro"]
[WhiteFideId "13502956"]
[BlackFideId "116807"]
[WhiteElo "2626"]
[BlackElo "2485"]
[Result "1/2-1/2"]
[Round "06"]
[TimeControl "180+2"]
[Date "2023.03.28"]
[WhiteClock "0:00:06"]
[BlackClock "0:00:04"]

1. e4 c5 2. Nf3 Nc6 3. c3 Nf6 4. e5 Nd5 5. Bc4 Nb6 6. Bb3 c4 7. Bc2 d5 8. exd6 Qxd6 9. O-O Bg4 10. Re1 e6 11. b3 cxb3 12. axb3 Be7 13. Na3 O-O 14. Nc4 Nxc4 15. bxc4 Rfd8 16. d4 Bh5 17. Be4 Qc7 18. c5 Bg6 19. Bxc6 Qxc6 20. Ne5 Qc8 21. Qf3 Bf6 22. Bf4 Bxe5 23. Bxe5 Qc6 24. Qg3 b6 25. h4 h5 26. Bd6 bxc5 27. dxc5 a5 28. Re5 a4 29. c4 Rd7 30. Rg5 Rb7 31. Ra3 Kh7 32. Kh2 Rb1 33. Rf3 Ra7 34. Ra3 Qe4 35. Be5 Qe1 36. Qe3 Qh1+ 37. Kg3 Rg1 38. Qf3 Rb1 39. Rxh5+ Bxh5 40. Qxh5+ Kg8 41. Qg5 f6 42. Bxf6 Qc1 43. Be5 Qxa3+ 44. f3 Qxc5 45. Qd8+ Qf8 46. Qg5 Qf7 47. Qg4 Rbb7 48. h5 Rd7 49. h6 Kh7 50. hxg7 Rd8 51. Qh4+ Kg6 52. Qg4+ Kh7 53. Qh3+ Kg6 54. Qg4+ Kh7 1/2-1/2


[Site "https://www.chess.com"]

[Event "Titled Tuesday Blitz March 28 Early 2023"]
[White "Svane, Frederik"]
[Black "Iniyan, P"]
[WhiteFideId "12923044"]
[BlackFideId "25002767"]
[WhiteElo "2502"]
[BlackElo "2449"]
[Result "0-1"]
[Round "06"]
[TimeControl "180+2"]
[Date "2023.03.28"]
[WhiteClock "0:00:11"]
[BlackClock "0:00:16"]

1. g3 Nf6 2. Bg2 d5 3. Nf3 Bf5 4. O-O e6 5. d3 h6 6. b3 Nbd7 7. Bb2 Bh7 8. Nbd2 Bd6 9. Re1 O-O 10. e4 dxe4 11. dxe4 e5 12. Nc4 Qe7 13. Nh4 Nb6 14. Nxd6 cxd6 15. c4 Rfd8 16. Qf3 Qe6 17. Nf5 Nxe4 18. Qxe4 Bxf5 19. Qxb7 Rab8 20. Qxa7 Nxc4 21. Bc3 Nb6 22. Ba5 d5 23. Rad1 e4 24. Rd4 Rdc8 25. Rb4 Nd7 26. Rxb8 Rxb8 27. Bc3 f6 28. Rd1 Rc8 29. Qa5 Bg4 30. Re1 Nc5 31. Bf1 Bf3 32. Bd4 Nd7 33. Qd2 Ne5 34. a4 Bg4 35. Bxe5 fxe5 36. a5 Bf3 37. a6 d4 38. Bc4 Rxc4 39. bxc4 Qh3 0-1


[Site "https://www.chess.com"]